 Dungeon Crawl Stone Soup version 0.31.0-32-g396128a36d (webtiles) character file.

Game seed: 104084917939998947

553 Curundu the Chopper (level 7, -2/61 HPs)
             Began as a Minotaur Berserker on Mar 31, 2024.
             Was a Priest of Trog.
             Slain by a gnoll sergeant
             ... wielding a +2 antimagic spear
              (6 damage)
             ... on level 5 of the Dungeon.
             The game lasted 00:07:06 (2776 turns).

Curundu the Chopper (Minotaur Berserker)            Turns: 2776, Time: 00:07:07

Health: -2/61      AC: 12    Str: 23    XL:     7   Next: 8%
Magic:  0/6        EV: 12    Int:  4    God:    Trog [***...]
Gold:   266        SH:  0    Dex: 10    Spells: 6/6 levels left

rFire   + . .        a - +0 hand axe
rCold   . . .        (no shield)
rNeg    . . .        v - +2 ring mail {rPois}
rPois   +            (helmet restricted)
rElec   .            (no cloak)
rCorr   .            (no gloves)
SInv    .            p - +0 pair of boots
Will    .....        i - amulet of regeneration
Stlth   +            q - +4 ring of protection
HPRegen 1.10/turn    g - ring of protection from fire
MPRegen 0.10/turn

%: no passive effects
@: on berserk cooldown, slowed, very slow
A: horns 2, retaliatory headbutt
a: Renounce Religion, Berserk, Trog's Hand


You were on level 5 of the Dungeon.
You worshipped Trog.
Trog was most pleased with you.
You visited 1 branch of the dungeon, and saw 5 of its levels.

You collected 266 gold pieces.

Inventory:

Hand Weapons
 a - a +0 hand axe (weapon)
Missiles
 d - 6 boomerangs (quivered)
Armour
 p - a +0 pair of boots (worn)
 v - a +2 ring mail of poison resistance (worn)
Jewellery
 g - a ring of protection from fire (right hand)
 i - an amulet of regeneration (around neck)
 q - a +4 ring of protection (left hand)
Scrolls
 c - 2 scrolls of fear {unknown}
 e - a scroll of enchant armour {unknown}
 f - 4 scrolls of identify {unknown}
 j - a scroll of butterflies {unknown}
 o - 2 scrolls of vulnerability {unknown}
 r - a scroll of silence {unknown}
 s - 2 scrolls of fog {unknown}
Potions
 h - 3 potions of curing {unknown}
 k - a potion of cancellation {unknown}
 l - 2 potions of might {unknown}
 m - a potion of resistance {unknown}
 n - a potion of haste {unknown}
 t - a potion of lignification {unknown}
 u - a potion of magic {unknown}


   Skills:
 + Level 5.0 Fighting
 + Level 7.4 Axes
 + Level 3.4 Armour
 + Level 4.2 Dodging
 + Level 1.0 Stealth


You had 6 spell levels left.
You didn't know any spells.
Your spell library was empty.

Dungeon Overview and Level Annotations

Branches:
Dungeon (5/15)
 Temple: D:4-7

Altars:
Trog
The Shining One


Innate Abilities, Weirdness & Mutations

You have a pair of horns on your head.
You reflexively headbutt those who attack you in melee.


Message History

Unknown command.
Found 12 gold pieces.
The gnoll barely misses you.
Things that are here:
a +0 flail; a gnoll corpse You hit the gnoll.
The gnoll is moderately wounded.
The gnoll sergeant hits you from afar with a +2 antimagic spear!
* * * LOW HITPOINT WARNING * * *
The gnoll barely misses you.
You hit the gnoll.
The gnoll is severely wounded.
The gnoll sergeant hits you from afar with a +2 antimagic spear.
* * * LOW HITPOINT WARNING * * *
You slash the gnoll!
You kill the gnoll!
Trog accepts your kill.
Found a scroll labelled XAPPUI NIQYDD.
The gnoll sergeant attacks as it pursues you!
The gnoll sergeant misses you.
You see here a +0 halberd.
You feel a strong urge to attack something.
You are no longer berserk.
You are exhausted.
You feel yourself slow down.
The gnoll sergeant hits you with a +2 antimagic spear.
* * * LOW HITPOINT WARNING * * *
You feel your power leaking away.
Things that are here:
a +0 flail; a gnoll corpse You hit the gnoll sergeant but do no damage.
The gnoll sergeant is lightly wounded.
The gnoll sergeant closely misses you.
You hit the gnoll sergeant but do no damage.
The gnoll sergeant is lightly wounded.
The gnoll sergeant hits you with a +2 antimagic spear!
* * * LOW HITPOINT WARNING * * *
You hit the gnoll sergeant but do no damage.
The gnoll sergeant is lightly wounded.
The gnoll sergeant hits you with a +2 antimagic spear.
You die...

######........###.#.#
....>.........# #...#
#......)...# #####
#..........#
#..#'####### #..#####
#!)....# #g####.#
###@## #..[)#
#.............
###...........
#...........
#...........
#...........
#.......$...
#....?......


You could see a gnoll sergeant.

Vanquished Creatures
  An ice beast (D:5)
  A black bear (D:4)
  An ogre (D:4)
  A phantom (D:4)
  A jelly (D:4)
  An iguana (D:3)
  Robin (D:4)
  2 adders
  3 gnolls (D:5)
  A shadow imp (D:5)
  6 dart slugs
  5 ribbon worms
  8 endoplasms
  3 giant cockroaches
  7 goblins
  8 hobgoblins
  5 kobolds
  A quokka (D:4)
  8 ball pythons
  5 bats
  8 rats
77 creatures vanquished.

Notes
Turn   | Place    | Note
-------+----------+-------------------------------------------
     0 | D:1      | Curundu the Minotaur Berserker began the quest for the Orb.
     0 | D:1      | Reached XP level 1. HP: 19/19 MP: 0/0
    90 | D:1      | Reached skill level 4 in Axes
   143 | D:1      | Reached XP level 2. HP: 25/27 MP: 1/1
   667 | D:2      | Reached XP level 3. HP: 33/33 MP: 2/2
   693 | D:2      | Reached ** piety under Trog
   720 | D:2      | HP: 1/33 [poisoned by an adder]
  1120 | D:2      | Found a glowing golden altar of the Shining One.
  1169 | D:2      | Reached skill level 5 in Axes
  1739 | D:3      | Reached XP level 4. HP: 24/40 MP: 3/3
  2101 | D:4      | Noticed Robin
  2117 | D:4      | Killed Robin
  2117 | D:4      | Reached *** piety under Trog
  2130 | D:4      | Noticed a phantom
  2141 | D:4      | Killed a phantom
  2142 | D:4      | Reached skill level 6 in Axes
  2142 | D:4      | Reached XP level 5. HP: 47/47 MP: 4/4
  2192 | D:4      | Noticed a black bear
  2200 | D:4      | Killed a black bear
  2201 | D:4      | Reached XP level 6. HP: 53/53 MP: 5/5
  2239 | D:4      | Reached skill level 7 in Axes
  2239 | D:4      | Reached skill level 1 in Stealth
  2355 | D:4      | Noticed a moth of wrath
  2359 | D:4      | Found a bloodstained altar of Trog.
  2718 | D:5      | Entered Level 5 of the Dungeon
  2751 | D:5      | Noticed an ice beast
  2763 | D:5      | Killed an ice beast
  2764 | D:5      | Reached skill level 5 in Fighting
  2764 | D:5      | Reached XP level 7. HP: 27/61 MP: 0/6
  2775 | D:5      | HP: 2/61 [gnoll sergeant/+2 antimagic spear (7)]
  2776 | D:5      | Slain by a gnoll sergeant

Illustrated notes

Levels and vault maps discovered:
D:1:      erik_arrival_blinker_ship, layout_rooms
D:2:      layout_basic, basic_altar, st_stairs_1, dk_noncrumbling_4
D:3:      layout_basic
D:4:      layout_loops_ring, tgw_trog, grunt_ministairs_10,
          minmay_misc_feat_diagonals, uniq_robin
D:5:      layout_basic

Skill      XL: |  1  2  3  4  5  6 |
---------------+-------------------+-----
Axes           | 4 5 6 7 |  7.4
Fighting       | 4 5 |  5.0
Dodging        | 3 4 |  4.2
Stealth        | 1 |  1.0
Armour         | 3 |  3.4

Action                     |  1- 3 |  4- 6 |  7- 9 || total
---------------------------+-------+-------+-------++-------
  Melee: Hand axe          |    90 |    82 |    10 ||   182
         Headbutt          |    16 |    18 |     2 ||    36
 Invoke: Berserk           |       |     1 |       ||     1
    Use: Potion            |     1 |       |       ||     1
 Armour: Animal skin       |    64 |     5 |       ||    69
         Ring mail         |       |    69 |     7 ||    76
  Dodge: Dodged            |    51 |    60 |     7 ||   118
